1800 views
Uploaded 2022-12-31 11:20:29
Game version 1.32.10
19:15 long 1on1 ladder game on (2)EchoIsles
Saved by DKnight
1800 views
Uploaded 2022-12-31 11:20:29
Game version 1.32.10
19:15 long 1on1 ladder game on (2)EchoIsles

33 units @ 5.2k
/ 0.8k
15 buildings @ 2.6k
/ 0.6k


| Rod of Necromancy | 3 | 450 |
| Orb of Corruption | 1 | 375 |
| Potion of Mana | 3 | 600 |
| Potion of Healing | 1 | 150 |
| Dust of Appearance | 1 | 75 |
| Scroll of Healing | 1 | 250 |
| Potion of Lesser Invulnerability | 1 | 150 |
| total: | 11 | 2050g |
| Acolyte | 9 | 675 | / | 0 |
| Ghoul | 7 | 840 | / | 0 |
| Crypt Fiend | 11 | 2365 | / | 440 |
| Obsidian Statue | 2 | 400 | / | 70 |
| Abomination | 4 | 960 | / | 280 |
| total: | 33 | 5240g | / | 790w |
| Nerubian Tower | 2 | 200 | / | 40 |
| Crypt | 1 | 200 | / | 50 |
| Altar of Darkness | 1 | 180 | / | 50 |
| Ziggurat | 7 | 1050 | / | 350 |
| Tomb of Relics | 1 | 130 | / | 30 |
| Graveyard | 1 | 215 | / | 0 |
| Necropolis | 3 | 675 | / | 0 |
| Slaughterhouse | 1 | 140 | / | 135 |
| Halls of the Dead | 2 | 640 | / | 420 |
| Black Citadel | 2 | 650 | / | 460 |
| total: | 15 | 2590g | / | 615w |
| 0:03 | Acolyte |
| 0:03 | Acolyte |
| 0:08 | Crypt |
| 0:13 | Altar of Darkness |
| 0:24 | Ziggurat |
| 0:33 | Acolyte |
| 0:49 | Acolyte |
| 1:05 | Tomb of Relics |
| 1:10 | Ghoul |
| 1:25 | Ghoul |
| 1:41 | Ziggurat |
| 2:03 | Ghoul |
| 2:13 | Death Coil |
| 2:14 | Rod of Necromancy |
| 2:34 | Ghoul |
| 2:48 | Halls of the Dead |
| 3:08 | Graveyard |
| 3:34 | Unholy Aura |
| 3:39 | Ghoul |
| 3:43 | Rod of Necromancy |
| 3:45 | Dust of Appearance |
| 4:08 | Ghoul |
| 4:13 | Nerubian Tower |
| 4:38 | Ghoul |
| 5:14 | Ziggurat |
| 5:41 | Slaughterhouse |
| 6:08 | Rod of Necromancy |
| 6:12 | Frost Nova |
| 6:23 | Crypt Fiend |
| 6:45 | Death Coil |
| 6:48 | Obsidian Statue |
| 7:09 | Black Citadel |
| 7:56 | Ziggurat |
| 7:58 | Crypt Fiend |
| 8:42 | Crypt Fiend |
| 8:48 | Crypt Fiend |
| 9:21 | Crypt Fiend |
| 9:36 | Orb of Corruption |
| 9:40 | Potion of Mana |
| 9:54 | Potion of Healing |
| 10:11 | Crypt Fiend |
| 10:16 | Potion of Mana |
| 10:21 | Dark Ritual |
| 10:50 | Obsidian Statue |
| 10:51 | Crypt Fiend |
| 11:20 | Frost Nova |
| 11:26 | Unholy Aura |
| 11:36 | Creature Attack |
| 11:42 | Potion of Mana |
| 11:43 | Scroll of Healing |
| 11:46 | Acolyte |
| 12:31 | Crypt Fiend |
| 12:41 | Potion of Lesser Invulnerability |
| 13:22 | Necropolis |
| 13:23 | Acolyte |
| 13:23 | Acolyte |
| 13:53 | Improved Creature Attack |
| 13:55 | Acolyte |
| 13:57 | Acolyte |
| 14:07 | Ziggurat |
| 14:17 | Disease Cloud |
| 15:03 | Dark Ritual |
| 15:10 | Abomination |
| 15:15 | Ziggurat |
| 15:23 | Necropolis |
| 16:20 | Destroyer Form |
| 16:45 | Abomination |
| 16:46 | Death Coil |
| 16:56 | Web |
| 16:58 | Crypt Fiend |
| 17:02 | Necropolis |
| 17:06 | Crypt Fiend |
| 17:06 | Abomination |
| 17:09 | Advanced Creature Attack |
| 17:45 | Ziggurat |
| 18:28 | Frost Nova |
| 18:31 | Crypt Fiend |
| 18:31 | Abomination |
| 18:34 | Creature Carapace |
| Right click | 1111 |
| Select group | 880 |
| Select | 362 |
| Build/train/purchase | 121 |
| Misc. action | 81 |
| Assign group | 55 |
| Use ability | 44 |
| Item give/drop | 5 |
| Remove unit | 2 |
46 units @ 6.1k
/ 1.1k
14 buildings @ 2.5k
/ 1k


| Potion of Healing | 1 | 150 |
| total: | 1 | 150g |
| Wisp | 10 | 600 | / | 0 |
| Archer | 23 | 2990 | / | 230 |
| Dryad | 9 | 1305 | / | 540 |
| Druid of the Claw | 1 | 255 | / | 80 |
| Chimaera | 3 | 990 | / | 210 |
| total: | 46 | 6140g | / | 1060w |
| Altar of Elders | 1 | 180 | / | 50 |
| Moon Well | 7 | 1260 | / | 280 |
| Ancient of War | 1 | 150 | / | 60 |
| Hunter's Hall | 1 | 210 | / | 100 |
| Ancient of Wonders | 1 | 90 | / | 30 |
| Tree of Life | 1 | 340 | / | 185 |
| Ancient of Lore | 1 | 155 | / | 145 |
| Chimaera Roost | 1 | 140 | / | 190 |
| Tree of Ages | 1 | 320 | / | 180 |
| Tree of Eternity | 1 | 330 | / | 200 |
| total: | 14 | 2525g | / | 1040w |
| 0:02 | Wisp |
| 0:02 | Wisp |
| 0:02 | Wisp |
| 0:02 | Wisp |
| 0:03 | Wisp |
| 0:17 | Altar of Elders |
| 0:21 | Moon Well |
| 0:31 | Wisp |
| 0:57 | Wisp |
| 1:13 | Ancient of War |
| 1:19 | Moon Well |
| 1:21 | Wisp |
| 1:26 | Wisp |
| 1:57 | Wisp |
| 2:13 | Archer |
| 2:17 | Evasion |
| 2:28 | Tree of Ages |
| 2:29 | Archer |
| 2:55 | Archer |
| 3:04 | Moon Well |
| 3:12 | Archer |
| 3:28 | Archer |
| 3:46 | Hunter's Hall |
| 3:57 | Archer |
| 5:07 | Ancient of Lore |
| 5:10 | Improved Bows |
| 5:15 | Strength of the Moon |
| 5:51 | Mana Burn |
| 6:06 | Archer |
| 6:11 | Trueshot Aura |
| 6:18 | Dryad |
| 6:19 | Moon Well |
| 7:01 | Evasion |
| 7:14 | Archer |
| 7:15 | Dryad |
| 7:18 | Improved Strength of the Moon |
| 7:20 | Tree of Eternity |
| 7:24 | Moon Well |
| 7:54 | Dryad |
| 8:05 | Scout |
| 8:50 | Strength of the Wild |
| 8:51 | Dryad |
| 8:52 | Archer |
| 9:26 | Archer |
| 10:28 | Dryad |
| 10:29 | Archer |
| 10:29 | Archer |
| 10:30 | Marksmanship |
| 10:42 | Advanced Strength of the Moon |
| 10:48 | Archer |
| 10:56 | Dryad |
| 10:56 | Dryad |
| 11:13 | Archer |
| 11:13 | Archer |
| 11:13 | Archer |
| 11:28 | Ancient of Wonders |
| 11:40 | Druid of the Claw Adept Training |
| 11:52 | Tree of Life |
| 12:30 | Archer |
| 12:30 | Archer |
| 13:27 | Reinforced Hides |
| 13:49 | Chimaera Roost |
| 13:53 | Moon Well |
| 13:55 | Moon Well |
| 14:13 | Abolish Magic |
| 14:44 | Improved Strength of the Wild |
| 14:44 | Improved Reinforced Hides |
| 14:44 | Moon Armor |
| 15:26 | Druid of the Claw |
| 15:45 | Chimaera |
| 15:48 | Potion of Healing |
| 16:30 | Dryad |
| 16:31 | Archer |
| 16:31 | Archer |
| 16:48 | Chimaera |
| 16:56 | Archer |
| 17:04 | Archer |
| 17:32 | Dryad |
| 17:33 | Archer |
| 18:33 | Advanced Strength of the Wild |
| 18:39 | Chimaera |
| Right click | 1056 |
| Select | 717 |
| Select group | 578 |
| Build/train/purchase | 85 |
| Assign group | 39 |
| Misc. action | 29 |
| Use ability | 22 |
| Esc | 4 |
| Item give/drop | 2 |